 Dungeon Crawl Stone Soup version 0.26.1-11-gd32895ea62 (webtiles) character file.

Game seed: 3565384280320105342

99 Folks the Gusty (level 4, -1/33 HPs)
             Began as a Demigod Air Elementalist on June 25, 2021.
             Slain by an orc wizard
             ... wielding a +0 dagger of electrocution
              (15 damage)
             ... on level 3 of the Dungeon.
             The game lasted 00:06:57 (2463 turns).

Folks the Gusty (Demigod Air Elementalist)          Turns: 2463, Time: 00:06:57

Health: -1/33      AC:  2    Str: 11    XL:     4   Next: 22%
Magic:  9/9        EV: 13    Int: 21    God:
Gold:   107        SH:  0    Dex: 16    Spells: 2/6 levels left

rFire    . . .     SeeInvis .   b - +0 dagger
rCold    . . .     Faith    .   (no shield)
rNeg     . . .     Spirit   .   a - +0 robe
rPois    .         Reflect  .   (no helmet)
rElec    .         Harm     .   (no cloak)
rCorr    .         Rampage  .   (no gloves)
Will     .....                  (no boots)
Stlth    +.........             (no amulet)
HPRegen  0.11/turn              (no ring)
MPRegen  0.11/turn              (no ring)

@: confused, lethally poisoned (-1 -> -5)
A: high mp 1
a: no special abilities


You were on level 3 of the Dungeon.
You visited 1 branch of the dungeon, and saw 3 of its levels.

You collected 107 gold pieces.

Inventory:

Hand Weapons
 b - a +0 dagger (weapon)
Missiles
 g - a throwing net
Armour
 a - a +0 robe (worn)
Wands
 k - a wand of iceblast (8)
Scrolls
 c - a scroll of fog {unknown}
 e - 2 scrolls of blinking {unknown}
 i - 2 scrolls of identify {unknown}
 l - a scroll of enchant armour {unknown}
 m - a scroll of teleportation {unknown}
 n - a scroll of noise {unknown}
Potions
 d - a potion of brilliance {unknown}
 f - a potion of flight {unknown}
 h - a potion of heal wounds {unknown}
 j - 2 potions of invisibility {unknown}


   Skills:
 * Level 2.3 Dodging
 - Level 1.7 Stealth
 - Level 1.7 Spellcasting
 * Level 2.8 Conjurations
 + Level 3.5 Air Magic


You had 2 spell levels left.
You knew the following spells:

 Your Spells              Type           Power        Failure   Level
a - Shock                 Conj/Air       60%          4%          1
b - Static Discharge      Conj/Air       15%          12%         3

Your spell library contained the following spells:

 Spells                   Type           Power        Failure   Level
 Swiftness                Air            16%          5%          2
 Airstrike                Air            8%           34%         4
 Lightning Bolt           Conj/Air       7%           75%         5


Dungeon Overview and Level Annotations

Branches:
Dungeon (3/15)


Innate Abilities, Weirdness & Mutations

You have an increased reservoir of magic. (+10% MP)


Message History

You hear the sound of rushing water.
There is an entrance to a sewer on this level.
Hurry and find it before the portal rusts away!
You hear the slow rusting of a drain nearby.
An orc comes into view. It is wielding a +0 club.
The orc wizard hits you with a +0 dagger.
The kobold closely misses you.
The kobold throws a poisoned dart.
The poisoned dart hits you!
You are poisoned.
The orc wizard hits you with a +0 dagger of electrocution.
You are electrocuted!
The orc closely misses you.
The orc wizard gestures at you while chanting.
You are confused.
The kobold closely misses you.
There is a stone staircase leading up here.
You see here a poisoned dart.
Okay, then.
You feel sick.
The orc wizard hits you with a +0 dagger of electrocution.
You are electrocuted!
You die...

..# .. ...# #.
#..# #. #..#
#.##..# #.....#
##.###..K.[####.#
......o.o..<(...#
#..o@Ko.######
#.oooo(.#
#.........#
...#..##.###
...... ..#
##....##.# #...
.# #... .#


You could see 2 orc wizards, 6 orcs and 2 kobolds.

Vanquished Creatures
  Terence (D:2)
  An adder (D:2)
  A worm (D:2)
  3 dart slugs
  2 ball pythons (D:1)
  5 goblins
  11 hobgoblins
  7 jackals (D:1)
  6 kobolds
  6 bats
  4 frilled lizards
  6 rats
53 creatures vanquished.

Notes
Turn   | Place    | Note
-------+----------+-------------------------------------------
     0 | D:1      | Folks the Demigod Air Elementalist began the quest for the
                  | Orb.
     0 | D:1      | Reached XP level 1. HP: 14/14 MP: 5/5
    75 | D:1      | Reached skill level 3 in Air Magic
    79 | D:1      | Reached skill level 1 in Conjurations
   177 | D:1      | Reached XP level 2. HP: 20/20 MP: 4/7
   708 | D:1      | Reached XP level 3. HP: 25/26 MP: 3/8
   712 | D:1      | Learned a level 3 spell: Static Discharge
  1783 | D:2      | Found an ornate altar of the Wu Jian Council.
  1877 | D:2      | Noticed Terence
  1906 | D:2      | Killed Terence
  1907 | D:2      | Reached XP level 4. HP: 30/33 MP: 1/9
  2463 | D:3      | Slain by an orc wizard

Illustrated notes

Levels and vault maps discovered:
D:1:      elethiomel_arrival_maze, layout_rooms
D:2:      minmay_skewed_foursquare, layout_basic, nzn_wu_jian_council_hall,
          uniq_terence
D:3:      layout_loops_ring, elyvilon_altar_1, portal_sewer_entry_a, uniq_ijyb

Skill      XL: |  1  2  3 |
---------------+----------+-----
Air Magic      | 3 |  3.5
Conjurations   | 1 2 |  2.8
Dodging        | 2 |  2.3
Stealth        | |  1.7
Spellcasting   | |  1.7

Action                   |  1- 3 |  4- 6 || total
-------------------------+-------+-------++-------
Melee: Dagger            |    59 |     2 ||    61
 Cast: Shock             |    63 |     4 ||    67
       Static Discharge  |     4 |     2 ||     6
Armor: Robe              |    16 |     2 ||    18
Dodge: Dodged            |    39 |     8 ||    47
